 Dungeon Crawl Stone Soup version 0.23-a0-422-g30b1108d6a (webtiles) character file.

111 Napalmbreeze the Ruffian (level 4, -1/41 HPs)
             Began as a Troll Transmuter on Nov 15, 2018.
             Succumbed to Crazy Yiuf's poison
             ... on level 2 of the Dungeon.
             The game lasted 00:04:53 (958 turns).

Napalmbreeze the Ruffian (Troll Transmuter)          Turns: 958, Time: 00:04:54

Health: -1/41      AC:  5    Str: 18    XL:     4   Next: 62%
Magic:  2/5        EV: 10    Int: 10    God:
Gold:   116        SH:  0    Dex: 10    Spells: 2/6 levels left

rFire    . . .     SeeInvis .     - Unarmed
rCold    . . .     Gourm    +   (no shield)
rNeg     . . .     Faith    .   b - +0 robe
rPois    .         Spirit   .   (helmet restricted)
rElec    .         Reflect  .   (no cloak)
rCorr    .         Harm     .   (gloves unavailable)
MR       .....                  (boots unavailable)
Stlth    +.........             (no amulet)
HPRegen  0.53/turn              (no ring)
MPRegen  0.09/turn              (no ring)

@: lethally poisoned (-1 -> -35), hasted, very quick
A: large, unfitting armour, claws 3, fast metabolism 3, gourmand, regeneration
1, shaggy fur 1, tough skin 2
a: no special abilities


You were on level 2 of the Dungeon.
You were very full.

You visited 1 branch of the dungeon, and saw 2 of its levels.

You collected 116 gold pieces.

Inventory:

Missiles
 a - 73 arrows
 f - 21 stones (quivered)
Armour
 b - a +0 robe (worn)
Scrolls
 c - a scroll of remove curse {unknown}
 h - a scroll of magic mapping {unknown}
 j - a scroll of enchant armour {unknown}
 k - 2 scrolls of teleportation {unknown}
Potions
 e - a potion of mutation {unknown}
 g - a potion of ambrosia {unknown}
 i - a potion of agility {unknown}
 l - a potion of resistance {unknown}
 m - a potion of haste
Comestibles
 d - 3 rations
 n - a chunk of flesh


   Skills:
 + Level 1.5 Fighting
 + Level 2.1 Dodging
 * Level 4.1 Unarmed Combat
 + Level 1.5 Spellcasting
 + Level 1.9 Transmutations


You had 2 spell levels left.
You knew the following spells:

 Your Spells              Type           Power        Failure   Level  Hunger
a - Beastly Appendage     Tmut           #.....       14%         1    ##.....
q - Spider Form           Tmut/Pois      #.........   54%         3    ####...

Your spell library contained the following spells:

 Spells                   Type           Power        Failure   Level  Hunger
 Sticks to Snakes         Tmut           #.......     22%         2    ###....
 Ice Form                 Ice/Tmut       #.......     91%         4    #####..
 Blade Hands              Tmut           #.........   99%         5    ######.


Dungeon Overview and Level Annotations

Branches:
Dungeon (2/15)

Altars:
Trog


Innate Abilities, Weirdness & Mutations

You are too large for most types of armour.
You have claws for hands.
Your metabolism is lightning-fast.
You like to eat raw meat.
Your natural rate of healing is unusually fast.
You are covered in fur. (AC +1)
You have very tough skin. (AC +2)


Message History

Crazy Yiuf is heavily wounded.
You feel very sick. Crazy Yiuf hits you but does no damage.
You are more poisoned.
You completely miss Crazy Yiuf.
Crazy Yiuf is severely wounded.
You feel very sick. Crazy Yiuf barely misses you.
* * * LOW HITPOINT WARNING * * *
You feel very sick.
There is an open door here.
* * * LOW HITPOINT WARNING * * *
You feel very sick.
Your transformation has ended.
Your +0 robe unmelds from your body.
* * * LOW HITPOINT WARNING * * *
You feel very sick.
You kill Crazy Yiuf!
It was a potion of haste.
You feel yourself speed up.
You die...

# #.'..........##....#...........
# #.#......######.##.#......._.##
###.#.#....###....#..#.##........
#..........##........#+##.....#.#
#.#.....############## #######.#
#........# .# ###......##♣♣♣♣♣ .#
# #.....#.#P.♣.♣♣♣##### #
#...........♣.@♣#...# #
#..##....PP♣♣♣♣.)...# #
#..###..#P♣♣ ♣♣#..)# #
#......##♣♣ ##### # #......#
###....#.# .......#.# #######
######.#.. #.(...# #)#... #.....#


There were no monsters in sight!

Vanquished Creatures
  Crazy Yiuf (D:2)
  Terence (D:2)
  2 adders (D:2)
  3 dart slugs (D:1)
  A giant cockroach (D:1)
  6 goblins
  7 hobgoblins
  6 kobolds
  A quokka (D:2)
  2 ball pythons (D:1)
  4 frilled lizards
  2 rats
36 creatures vanquished.

Notes
Turn   | Place    | Note
-------+----------+-------------------------------------------
     0 | D:1      | Napalmbreeze the Troll Transmuter began the quest for the
                  | Orb.
     0 | D:1      | Reached XP level 1. HP: 18/18 MP: 1/1
   137 | D:1      | Reached skill level 1 in Fighting
   137 | D:1      | Reached XP level 2. HP: 27/27 MP: 3/3
   352 | D:1      | You fall through a shaft!
   352 | D:2      | Found a faded altar of an unknown god.
   369 | D:2      | Reached XP level 3. HP: 27/33 MP: 4/4
   546 | D:2      | Noticed Terence
   638 | D:2      | Killed Terence
   783 | D:2      | Found a bloodstained altar of Trog.
   795 | D:2      | Reached XP level 4. HP: 31/41 MP: 3/5
   799 | D:2      | Reached skill level 4 in Unarmed Combat
   865 | D:2      | Learned a level 3 spell: Spider Form
   908 | D:2      | Found a runed door.
   948 | D:2      | Noticed Crazy Yiuf
   957 | D:2      | Killed Crazy Yiuf
   958 | D:2      | Succumbed to Crazy Yiuf's poison

Vault maps used:
D:1:      dpeg_arrival_rooms_c, st_stairs_14, hex_tiny
D:2:      gammafunk_temple_overflow_pools,
          chequers_ecumenical_altar_simple_redux, bloody_trog, uniq_jessica,
          uniq_terence, uniq_crazy_yiuf_cottage

Skill      XL: |  1  2  3  4 |
---------------+-------------+-----
Fighting       | 1 |  1.5
Dodging        | 2 |  2.1
Unarmed Combat | 4 |  4.1
Spellcasting   | |  1.5
Transmutations | |  1.9

Action                   |  1- 3 |  4- 6 || total
-------------------------+-------+-------++-------
Melee: Unarmed           |    88 |     9 ||    97
       Headbutt          |     1 |     1 ||     2
       Punch             |     1 |       ||     1
 Cast: Beastly Appendage |     2 |     1 ||     3
       Spider Form       |       |     1 ||     1
  Use: Potion            |       |     1 ||     1
  Eat: Chunk             |    12 |     2 ||    14
Armor: Robe              |    16 |     2 ||    18
Dodge: Dodged            |    38 |     4 ||    42

Table legend:
 A = Non-vault XP
 B = Vault XP
 C = Vault XP percentage of total XP
 D = Non-vault monster count
 E = Vault monster count
 F = Vault count percentage of total count
                 A         B        C        D         E       F
            +---------+---------+-------+---------+---------+-------
      Total |      80 |      79 |  49.7 |      33 |       3 |   8.3
            +---------+---------+-------+---------+---------+-------
        D:1 |      37 |       2 |   5.1 |      19 |       1 |   5.0
        D:2 |      43 |      77 |  64.2 |      14 |       2 |  12.5
            +---------+---------+-------+---------+---------+-------
